 Dungeon Crawl Stone Soup version 0.18.1-47-g9310371 (webtiles) character file.

71 juanjsm the Insei (level 4, -3/28 HPs)
             Began as an Octopode Transmuter on June 18, 2016.
             Killed by nerve-wracking pain
             ... invoked by an orc priest
              (13 damage)
             ... on level 4 of the Dungeon.
             The game lasted 00:08:31 (1993 turns).

juanjsm the Insei (Octopode Transmuter)             Turns: 1993, Time: 00:08:32

Health: -3/28      AC:  1    Str:  9    XL:     4   Next: 24%
Magic:  8/8        EV:  7    Int: 16    God:
Gold:   148        SH:  0    Dex: 12    Spells: 2 memorised, 4 levels left

rFire  . . .     SeeInvis .       - Unarmed
rCold  . . .     Gourm    .     (no shield)
rNeg   . . .     Faith    .     (helmet restricted)
rPois  .         Spirit   .     (no amulet)
rElec  .         Dismiss  .     d - ring of sustain attributes
rCorr  .         Reflect  .     (no ring)
SustAt +         Harm     .     (no ring)
MR     .....                    (no ring)
Stlth  ++........               (no ring)
                                (no ring)
                                (no ring)
                                (no ring)

@: not resistant to hostile enchantments, unstealthy
A: almost no armour, amphibious, 8 rings, constrict 8, camouflage 1, gelatinous
body 1
a: no special abilities


You were on level 4 of the Dungeon.
You were not hungry.

You visited 1 branch of the dungeon, and saw 4 of its levels.

You collected 148 gold pieces.

Inventory:

Hand Weapons
 o - a +0 hunting sling
 p - a +0 blowgun
Missiles
 a - 12 arrows
 h - a throwing net (quivered)
 k - 15 poisoned needles
 l - 4 javelins
Armour
 m - a +2 shield
Jewellery
 d - a ring of sustain attributes (left tentacle)
Scrolls
 i - a scroll of immolation {unknown}
 j - 4 scrolls of remove curse {unknown}
 q - 3 scrolls of identify {unknown}
Potions
 e - 2 potions of heal wounds {unknown}
 f - a potion of agility {unknown}
 n - 2 potions of curing {unknown}
Books
 b - a book of Changes

   Spells                             Type                      Level
   a - Beastly Appendage              Transmutation                1
   b - Sticks to Snakes               Transmutation                2
   c - Spider Form                    Transmutation/Poison         3
   d - Ice Form                       Ice/Transmutation            4
   e - Blade Hands                    Transmutation                5
Comestibles
 c - 2 bread rations
 g - 3 meat rations
 r - 7 chunks of flesh


   Skills:
 - Level 1.0 Fighting
 - Level 2.1 Dodging
 * Level 0.4 Shields
 - Level 3.8 Unarmed Combat
 + Level 2.7 Spellcasting
 * Level 2.5 Transmutations
 + Level 0.2 Poison Magic


You had 4 spell levels left.
You knew the following spells:

 Your Spells              Type           Power        Failure   Level  Hunger
a - Beastly Appendage     Trmt           ##....       10%         1    #......
b - Spider Form           Trmt/Pois      #.........   34%         3    ###....


Dungeon Overview and Level Annotations

Branches:
Dungeon (4/15)
 Temple: D:4-7

Altars:
Ashenzari
Nemelex Xobeh
Qazlal
Trog

Annotations:
D:3 VorpalKnives's ghost, amateur OpEE
D:4 Aksel's ghost, novice HOFi


Innate Abilities, Weirdness & Mutations

You cannot wear most types of armour.
You are amphibious.
You can wear up to eight rings at the same time.
You can use your tentacles to constrict eight enemies at once.
Your skin changes colour to match your surroundings (Stealth).
Your rubbery body absorbs attacks (AC +1).


Message History

There is a stone staircase leading down here.
You climb downwards.
Level annotation: Aksel's ghost, novice HOFi An orc and 3 orc priests come into view.
There is a stone staircase leading up here.
The helpless orc priest fails to defend itself.
You tentacle-slap the orc priest but do no damage.
You grab the orc priest. You constrict the orc priest.
The orc priest hits you with a club.
You tentacle-slap the orc priest. Your squeeze misses the orc priest.
The orc priest is moderately wounded.
You constrict the orc priest, but do no damage.
The orc priest shouts!
The orc priest mumbles some strange prayers to Beogh against you.
Pain shoots through your body!
The orc shouts!
The orc priest shouts!
You release your grip on the orc priest.
The orc priest mumbles some strange prayers to Beogh against you.
Pain shoots through your body!
You die...

........#
.......
......
.....
#...#
..###...##
......o..#
......o@.#
.......oo#
.........#
...#####+#
.. .


You could see 3 orc priests and an orc.

Vanquished Creatures
  An adder (D:2)
  2 oozes
  4 dart slugs (D:1)
  A giant gecko (D:2)
  4 orcs (D:3)
  2 ball pythons
  4 goblins
  4 hobgoblins
  3 jackals (D:3)
  2 kobolds
  5 bats
  2 giant newts (D:1)
  4 rats
38 creatures vanquished.

Vanquished Creatures (others)
  A kobold (D:3)
1 creature vanquished.

Grand Total: 39 creatures vanquished

Notes
Turn   | Place    | Note
--------------------------------------------------------------
     0 | D:1      | juanjsm the Octopode Transmuter began the quest for the Orb.
     0 | D:1      | Reached XP level 1. HP: 13/13 MP: 3/3
    52 | D:1      | Reached XP level 2. HP: 9/18 MP: 5/5
   300 | D:2      | Reached XP level 3. HP: 17/23 MP: 4/6
   326 | D:2      | Learned a level 3 spell: Spider Form
  1359 | D:2      | Found a shattered altar of Ashenzari.
  1373 | D:2      | Found a sparkling altar of Nemelex Xobeh.
  1383 | D:2      | Found a bloodstained altar of Trog.
  1386 | D:2      | Found a stormy altar of Qazlal.
  1768 | D:3      | Reached XP level 4. HP: 17/28 MP: 3/8
  1817 | D:4      | Noticed Aksel's ghost (novice HOFi)
  1867 | D:3      | Noticed VorpalKnives's ghost (amateur OpEE)
  1993 | D:4      | Killed from afar by an orc priest

Action                   |  1- 3 |  4- 6 || total
-------------------------+-------+-------++-------
Melee: Unarmed           |    67 |    19 ||    86
       Constrict         |    14 |     3 ||    17
       Kick              |    11 |     1 ||    12
       Tentacles         |     7 |     3 ||    10
       Punch             |     1 |       ||     1
 Cast: Beastly Appendage |    20 |     4 ||    24
       Spider Form       |     1 |       ||     1
 Stab: Sleeping          |     5 |     1 ||     6
  Eat: Chunk             |     3 |     1 ||     4
Armor: Skin              |     3 |     2 ||     5
Dodge: Dodged            |    36 |    13 ||    49
